Map: Kairos Junction LE

Players

HeroMarine

  • Race: Terran Terran
  • League: Master
  • Spawn Location: 11:00

TYTY (TY) - Winner!

  • Race: Terran Terran
  • League: Diamond
  • Spawn Location: 5:00

Event: HomeStory Cup XIX

VOD

Have the link to the VOD?

Description

Time

  • Played on: June 29, 2019, 9:10 a.m.
  • Length: 4:33

All games in this series

Show
View Real Time Build Order
Export as new Build Order

HeroMarine Terran 

Build Orders:  

Get SALT Encoding   

  12  0:00  SCV  
  13  0:12  SCV  
  14  0:16  Supply Depot  
  14  0:24  SCV  
  14  0:27  Refinery  
  15  0:38  SCV  
  16  0:44  Barracks  
  16  0:50  SCV  
  17  0:57  Refinery  
  17  1:02  SCV  
  18  1:14  SCV  
  19  1:31  Orbital Command  
  19  1:32  Factory  
  19  1:34  Reaper  
  20  1:45  Supply Depot  
  20  1:57  SCV  
  21  2:06  Reaper  
  22  2:09  SCV  
  23  2:16  Hellion  
  23  2:21  SCV  
  26  2:28  Command Center  
  26  2:33  SCV  
  27  2:38  Supply Depot  
  27  2:40  Reaper  
  30  2:44  Hellion  
  30  2:45  SCV  
  31  2:54  Starport  
  31  3:00  SCV  
  32  3:06  Factory Tech Lab  
  32  3:12  Barracks Tech Lab, SCV  
  33  3:20  Refinery  
  33  3:24  SCV  
  33  3:26  Cyclone  
  37  3:36  SCV  
  37  3:40  Orbital Command  
  38  3:41  Raven  
  40  3:48  SCV  
  41  3:57  Barracks Reactor  
  41  3:58  Cyclone  
  41  4:00  SCV  
  45  4:06  SCV  
  46  4:13  SCV  
  44  4:18  SCV  
Show
View Real Time Build Order
Export as new Build Order

TYTY Terran - Winner!

Build Orders: Gas First Reaper Expand, Hellion Opening 

Get SALT Encoding   

  12  0:00  SCV  
  13  0:12  SCV  
  14  0:16  Supply Depot  
  14  0:24  SCV  
  14  0:28  Refinery  
  15  0:38  SCV  
  16  0:44  Barracks  
  16  0:50  SCV  
  17  1:02  SCV  
  18  1:14  SCV  
  19  1:31  Reaper  
  19  1:32  Orbital Command  
  20  1:42  Command Center  
  20  1:52  Factory  
  20  1:57  SCV  
  21  2:04  Supply Depot  
  21  2:06  Barracks Reactor  
  21  2:09  SCV  
  22  2:15  Refinery  
  22  2:21  SCV  
  23  2:34  SCV  
  24  2:41  Starport  
  24  2:45  Hellion x2  
  24  2:49  Barracks Tech Lab  
  29  2:54  Orbital Command  
  28  3:06  Hellion x2  
  28  3:10  Marauder  
  34  3:18  Medivac  
  36  3:28  Hellion  
  36  3:29  Hellion  
  36  3:31  Marauder  
  42  3:36  Supply Depot  
  42  3:38  Concussive Shells  
  42  3:49  Hellion  
  42  3:51  Hellion  
  46  3:58  Marauder  
  46  4:00  Supply Depot  
  51  4:10  Hellion  
Tags
 
Add a new tag
Caveats
  • Supply blocks, unpowered buildings, or Contaminate may cause inaccurate times.
  • Supply counts are checked every 10 seconds.